Map: Oportunidades etéreas

Players

Jaencio

  • Race: Zerg Zerg

Battu

  • Race: Protoss Protoss
  • Spawn Location: 5:00

VOD

Have the link to the VOD?

Description

Time

  • Played on: May 15, 2025, 2:21 a.m.
  • Length: 30:08
Show
View Real Time Build Order
Export as new Build Order

Jaencio Zerg 

Build Orders:  

Get SALT Encoding   

  12  0:04  Drone  
  13  0:20  Overlord  
  13  0:26  Drone  
  14  0:31  Overlord  
  14  0:49  Extractor, Drone x3  
  16  0:53  Extractor  
  15  1:01  Drone  
  15  1:02  Drone  
  17  1:19  Drone x3  
  20  1:20  Drone  
  21  1:34  Drone  
  22  1:40  Drone  
  22  1:46  Drone  
  24  1:56  Drone  
  25  2:10  Drone  
  25  2:19  Spawning Tool  
  25  2:31  Drone x3  
  25  2:39  Drone  
  29  2:55  Zergling x2  
  30  3:00  Overlord  
  30  3:24  Zergling x7  
  32  3:58  Zergling x6  
  32  3:59  Zergling x2  
  36  4:32  Hydralisk Den  
  36  4:36  Infestation Pit, Drone x2  
  36  4:37  Drone  
  37  4:55  Zergling  
  37  4:56  Zergling  
  37  4:57  Zergling x2  
  37  4:59  Zergling  
  37  5:03  Zergling  
  37  5:04  Hatchery  
  37  5:06  Extractor  
  32  5:55  Drone x2  
  32  5:56  Drone x3  
  37  6:03  Zergling  
  37  6:33  Extractor, Drone  
  37  6:34  Drone x7  
  44  6:45  Evolution Chamber  
  44  6:46  Evolution Chamber  
  42  6:58  Drone  
  42  6:59  Drone  
  44  7:02  Overlord x3  
  44  7:03  Overlord x2  
  44  7:29  Zergling x2  
  44  7:30  Zergling x10  
  44  7:35  Drone  
  44  7:36  Drone  
  52  7:52  Overlord  
  52  7:53  Overlord  
  52  8:04  Hardened Ergonergy Shield, Metabolic Boost  
  52  8:06  Erudition Missile Launchers, Muscular Augments  
  52  8:12  Drone x5  
  52  8:13  Drone  
  58  8:55  Zergling x2  
  58  8:56  Zergling x3  
  58  8:57  Zergling  
  58  8:58  Zergling  
  57  9:06  Drone x2  
  57  9:07  Drone x2  
  58  9:49  Zergling  
  58  9:59  Hydralisk  
  60  10:00  Hydralisk x11, Zergling  
  60  10:05  Adrenal Glands  
  60  10:07  Tyr-Class Targeting System  
  82  10:22  Zergling  
  82  10:23  Zergling  
  82  10:25  Zergling  
  81  10:39  Zergling  
  81  10:47  Overseer x3  
  79  10:55  Zergling  
  80  11:01  Zerg Melee Weapons Level 1  
  80  11:02  Zerg Ground Armor Level 1, Zerg Missile Weapons Level 1  
  79  11:19  Zergling x2  
  78  11:20  Zergling x6  
  78  11:22  Hydralisk  
  78  11:23  Hydralisk x7  
  98  11:30  Overlord  
  98  11:39  Zergling x2  
  98  11:44  Overlord  
  98  11:45  Overlord  
  99  11:54  Hatchery  
  98  12:01  Zergling x2  
  98  12:04  Zergling  
  97  12:44  Zergling  
  97  13:12  Hydralisk  
  97  13:13  Hydralisk x12  
  97  13:14  Hydralisk  
  97  13:16  Overlord  
  97  13:18  Zergling x2  
  97  13:19  Zergling  
  124  13:20  Zergling  
  124  13:30  Zergling  
  124  13:39  Zergling x3  
  124  13:40  Zergling x12  
  124  13:41  Zergling x4  
  129  14:00  Zergling x2  
  129  14:01  Zergling x10  
  135  14:15  Zergling x6  
  136  14:39  Zergling x2  
  136  14:40  Zergling x2  
  136  14:45  Overlord x4  
  136  14:46  Overlord x6  
  138  15:09  Zergling  
  138  15:11  Zergling  
  138  15:22  Zergling  
  138  15:36  Zergling  
  136  15:41  Zergling  
  136  15:43  Zergling  
  136  15:47  Zergling x2  
  136  15:48  Zergling x24  
  136  15:49  Zergling x11  
  149  15:54  Zergling  
  153  16:08  Zergling  
  152  16:10  Zergling x2  
  152  16:12  Zergling  
  152  16:13  Zergling  
  152  16:16  Zergling x2  
  152  16:18  Zergling x2  
  152  16:19  Zergling x2  
  151  16:20  Zergling  
  151  16:21  Zergling x3  
  151  16:22  Zergling  
  151  16:23  Zergling  
  151  16:24  Zergling  
  151  16:25  Zergling  
  151  16:35  Zergling x5  
  151  16:36  Zergling x26  
  151  16:38  Zergling  
  152  16:50  Zergling  
  152  16:52  Zergling  
  151  17:10  Zergling  
  151  17:11  Zergling  
  151  17:12  Zergling  
  151  17:13  Zergling x3  
  151  17:14  Zergling  
  151  17:15  Zergling  
  151  17:16  Zergling  
  151  17:18  Zergling x2  
  151  17:19  Zergling  
  146  17:20  Zergling  
  144  17:38  Zerg Ground Armor Level 2, Zerg Missile Weapons Level 2, Zerg Melee Weapons Level 2  
  136  18:29  Hydralisk x2  
  112  18:30  Hydralisk x16  
  172  18:58  Hydralisk  
  172  18:59  Hydralisk x3, Zergling x2  
  180  19:00  Zergling x8  
  185  20:15  Zergling  
  185  20:39  Hydralisk  
  185  20:48  Overlord x4  
  185  20:50  Hydralisk, Zergling  
  185  20:51  Hydralisk x6  
  185  20:53  Zerg Missile Weapons Level 3, Zerg Melee Weapons Level 3, Zerg Ground Armor Level 3  
  185  20:54  Zergling x2  
  185  20:58  Zergling  
  195  21:50  Baneling Nest  
  195  21:52  Hydralisk  
  195  21:53  Hydralisk x2  
  200  22:00  Overseer x2  
  200  22:01  Overseer x3  
  200  22:21  Egonergy Enhanced Explosives, Anti-Centripetal Rocket Servos  
  200  23:20  Egonergy Efficient Barrier  
  200  24:35  Overlord x2  
  200  24:40  Overseer x2  
  200  24:42  Overseer x3  
  200  25:00  Zergling x2  
  200  25:01  Zergling x3  
  200  25:02  Zergling x6  
  200  25:03  Zergling  
  200  25:04  Zergling x2  
  200  25:05  Zergling x3  
  200  25:06  Zergling x2  
  200  25:19  Zergling  
  200  25:49  Zergling x6  
  156  25:50  Zergling x4  
  200  25:51  Zergling  
  200  25:58  Hydralisk  
  200  25:59  Hydralisk  
  200  26:06  Zergling x5  
  200  26:07  Zergling x9  
  200  26:08  Zergling  
  200  26:09  Zergling  
  200  26:10  Zergling x2  
  182  27:19  Hydralisk  
  184  27:20  Hydralisk x8  
  200  27:39  Hydralisk x2  
  200  27:46  Overseer  
  200  27:47  Overseer x7, Zergling x8  
  200  27:48  Overseer x6, Zergling x2  
  200  27:49  Zergling  
  200  27:50  Zergling  
  200  27:51  Zergling  
  200  27:52  Zergling  
  200  27:53  Zergling  
  200  27:54  Zergling  
  200  27:55  Zergling x2  
  200  27:56  Zergling  
Show
View Real Time Build Order
Export as new Build Order

Battu Protoss 

Build Orders:  

Get SALT Encoding   

  12  0:05  Probe (Chrono Boost)  
  13  0:22  Probe (Chrono Boost)  
  14  0:39  Probe (Chrono Boost)  
  15  1:11  Nexus  
  15  1:36  Pylon  
  15  1:38  Assimilator  
  15  1:39  Probe (Chrono Boost)  
  16  1:42  Assimilator  
  16  1:56  Probe (Chrono Boost)  
  17  2:13  Probe (Chrono Boost)  
  17  2:19  Gateway  
  18  2:28  Assimilator  
  19  2:30  Probe (Chrono Boost)  
  19  2:32  Assimilator  
  19  2:47  Probe (Chrono Boost)  
  20  2:55  Probe (Chrono Boost)  
  20  2:56  Solar Efficiency Level 1  
  21  3:04  Probe (Chrono Boost)  
  22  3:12  Probe (Chrono Boost)  
  24  3:21  Probe (Chrono Boost)  
  24  3:26  Cybernetics Core  
  24  3:29  Probe (Chrono Boost)  
  25  3:38  Probe (Chrono Boost)  
  26  3:46  Probe (Chrono Boost)  
  27  3:55  Probe (Chrono Boost)  
  28  4:03  Probe (Chrono Boost)  
  28  4:08  Sentinel  
  32  4:11  Probe (Chrono Boost)  
  32  4:17  Warp Gate  
  33  4:20  Probe (Chrono Boost)  
  33  4:26  Twilight Council  
  33  4:28  Probe (Chrono Boost)  
  34  4:34  Pylon  
  34  4:45  Stargate  
  34  4:46  Sentinel  
  36  5:00  Stargate  
  36  5:05  Stargate  
  38  5:11  Probe x2 (Chrono Boost)  
  38  5:17  Protoss Air Weapons Level 1  
  38  5:43  Probe x2 (Chrono Boost)  
  42  6:00  Fleet Beacon, Probe x2 (Chrono Boost)  
  42  6:01  Solar Efficiency Level 2  
  42  6:05  Reconstruction  
  44  6:21  Probe x2 (Chrono Boost)  
  44  6:38  Probe x2 (Chrono Boost)  
  46  6:40  Robotics Facility  
  46  6:43  Pylon  
  46  6:53  Sentinel  
  46  6:55  Probe x2 (Chrono Boost)  
  50  7:01  Repair Drones  
  51  7:12  Probe x2 (Chrono Boost)  
  52  7:35  Pylon  
  52  7:36  Carrier  
  52  7:37  Pylon  
  58  7:47  Probe x2 (Chrono Boost)  
  60  7:58  Carrier  
  66  8:09  Sentinel  
  68  8:18  Protoss Air Weapons Level 2  
  68  9:01  Sentinel  
  70  9:13  Pylon  
  70  9:14  Carrier  
  70  9:15  Pylon  
  70  9:19  Gateway  
  76  9:20  Gateway  
  76  9:22  Gateway  
  76  9:26  Gateway  
  76  9:52  Sentinel  
  76  10:34  Observer  
  77  10:43  Carrier  
  83  10:59  Pylon  
  83  11:00  Carrier  
  83  11:01  Pylon  
  83  11:03  Pylon  
  83  11:05  Pylon  
  83  11:06  Sentinel  
  83  11:07  Sentinel x3, Pylon  
  97  11:12  Solar Efficiency Level 3  
  97  11:21  Sentinel  
  97  11:34  Protoss Air Weapons Level 3  
  97  11:37  Sentinel  
  97  11:38  Sentinel x2  
  103  12:13  Carrier  
  109  12:37  Sentinel x4  
  109  12:38  Sentinel  
  119  13:21  Carrier  
  125  14:27  Advanced Repair Systems  
  125  14:33  Unknown  
  125  14:34  Pylon  
  125  14:35  Carrier  
  125  14:36  Pylon  
  125  14:39  Pylon  
  131  14:42  Pylon  
  131  14:44  Gateway  
  131  14:45  Gateway  
  131  14:47  Gateway  
  131  14:50  Rapid Recharging  
  131  14:53  Forge x2  
  131  14:56  Forge  
  131  15:00  Sentinel  
  131  15:03  Sentinel  
  131  15:10  Sentinel  
  131  15:57  Unknown  
  131  15:59  Enhanced Targeting, Optimized Ordinance  
  97  16:00  Fortification Barrier  
  131  16:06  Sentinel  
  131  16:07  Solar Flare  
  131  16:20  Charge  
  131  16:59  Protoss Shields Level 1  
  131  17:09  Carrier  
  137  17:14  Sentinel x5  
  137  17:15  Sentinel x3  
  153  18:21  Pylon  
  153  18:22  Carrier x2  
  153  18:24  Pylon  
  153  18:27  Pylon  
  165  18:30  Pylon  
  165  18:35  Pylon  
  165  18:38  Pylon  
  165  18:39  Protoss Ground Armor Level 1, Protoss Ground Weapons Level 1  
  165  18:54  Sentinel  
  165  18:57  Sentinel  
  165  19:12  Carrier  
  171  19:33  Phase Detonation  
  171  20:24  Energizer x2  
  171  20:25  Energizer  
  177  20:50  Sentinel x2  
  175  21:34  Energizer x4  
  183  21:46  Photon Cannon x2  
  183  21:48  Photon Cannon  
  183  21:50  Photon Cannon  
  183  21:51  Photon Cannon  
  183  21:53  Photon Cannon  
  183  21:54  Photon Cannon  
  183  21:55  Photon Cannon  
  183  22:01  Photon Cannon x2  
  183  22:04  Photon Cannon  
  183  22:05  Photon Cannon  
  183  22:06  Photon Cannon  
  183  22:08  Photon Cannon  
  183  22:11  Photon Cannon  
  183  22:14  Photon Cannon  
  183  22:30  Shield Battery  
  183  22:35  Shield Battery  
  183  22:41  Khaydarin Monolith  
  183  22:46  Khaydarin Monolith  
  183  22:49  Shield Battery  
  183  22:53  Khaydarin Monolith  
  183  22:58  Energizer  
  183  22:59  Energizer  
  187  23:10  Energizer  
  187  23:14  Energizer  
  191  23:36  Shield Battery  
  191  23:40  Shield Battery  
  191  23:44  Shield Battery  
  191  23:47  Khaydarin Monolith  
  191  23:53  Photon Cannon  
  191  24:02  Khaydarin Monolith  
  191  24:05  Khaydarin Monolith  
  191  24:11  Shield Battery  
  191  24:14  Shield Battery  
  191  24:21  Khaydarin Monolith  
  191  24:25  Pylon  
  191  24:28  Energizer  
  193  24:56  Pylon  
  193  24:57  Pylon  
  193  24:59  Pylon  
  193  25:01  Pylon  
  193  25:02  Pylon x2  
  193  25:04  Pylon  
  193  25:09  Photon Cannon x2  
  193  25:10  Photon Cannon  
  193  25:12  Photon Cannon  
  193  25:13  Photon Cannon  
  193  25:18  Photon Cannon  
  193  25:49  Photon Cannon  
  193  25:50  Photon Cannon  
  193  25:52  Photon Cannon  
  193  26:25  Photon Cannon  
  193  26:27  Photon Cannon  
  193  26:29  Photon Cannon  
  193  26:31  Photon Cannon  
  193  26:33  Photon Cannon  
  193  26:35  Photon Cannon  
  193  26:37  Photon Cannon  
  193  26:38  Photon Cannon  
  193  26:40  Photon Cannon  
  193  26:42  Photon Cannon, Energizer  
  193  26:44  Shield Battery  
  193  26:45  Energizer  
  197  26:50  Shield Battery  
  197  26:52  Shield Battery  
  197  26:59  Energizer  
  198  27:46  Sentinel  
  196  28:37  Energizer  
  196  28:38  Energizer  
  198  29:30  Energizer  
Tags
 
Add a new tag
Caveats
  • Supply blocks, unpowered buildings, or Contaminate may cause inaccurate times.
  • Supply counts are checked every 10 seconds.